 Dungeon Crawl Stone Soup version 0.19-a0-700-gd2fa977 (webtiles) character file.

3210 Laan the Destroyer (level 9, -3/45 HPs)
             Began as a Gargoyle Wizard on June 19, 2016.
             Shot with an arrow by a centaur (7 damage)
             ... on level 7 of the Dungeon.
             The game lasted 00:18:09 (9810 turns).

Laan the Destroyer (Gargoyle Wizard)                Turns: 9810, Time: 00:18:09

Health: -3/45      AC:  8    Str: 11    XL:     9   Next: 97%
Magic:  11/20      EV: 17    Int: 22    God:
Gold:   441        SH:  0    Dex:  8    Spells: 4 memorised, 12 levels left

rFire  . . .     SeeInvis .     e - +6 mace (holy)
rCold  . . .     Gourm    .     a - +0 robe
rNeg   + . .     Faith    .     (no shield)
rPois  ∞         Spirit   .     K - +0 helmet
rElec  +         Dismiss  .     (no cloak)
rCorr  .         Reflect  .     (no gloves)
SustAt .         Harm     .     (no boots)
MR     .....                    (no amulet)
Stlth  ++........               (no ring)
                                f - +5 ring of evasion

@: not resistant to hostile enchantments, unstealthy
A: negative energy resistance 1, electricity resistance, unbreathing,
petrification resistance, rot immunity, AC +5
a: no special abilities


You were on level 7 of the Dungeon.
You were very full.

You visited 1 branch of the dungeon, and saw 7 of its levels.

You collected 441 gold pieces.

Inventory:

Hand Weapons
 e - a +6 mace of holy wrath (weapon)
 s - a +0 falchion
 t - a +1 whip of electrocution
 u - a cursed -1 flail
Armour
 a - a +0 robe (worn)
 K - a +0 helmet (worn)
Jewellery
 f - a +5 ring of evasion (left hand)
 y - an uncursed ring of ice
Scrolls
 g - a scroll of recharging {unknown}
 h - 2 scrolls of noise {unknown}
 i - 4 scrolls of teleportation {unknown}
 j - 4 scrolls of random uselessness {unknown}
 k - 6 scrolls of identify {unknown}
 l - 6 scrolls of remove curse {unknown}
 w - a scroll of blinking {unknown}
 A - a scroll of enchant armour {unknown}
 D - a scroll of immolation {unknown}
 E - a scroll of fear {unknown}
 F - a scroll of enchant weapon {unknown}
 I - a scroll of brand weapon {unknown}
 J - 2 scrolls of amnesia {unknown}
Potions
 b - a potion of lignification {unknown}
 m - a potion of haste {unknown}
 o - a potion of invisibility {unknown}
 q - 2 potions of resistance {unknown}
 v - a potion of agility {unknown}
 z - a potion of curing
 C - a potion of mutation {unknown}
 M - a potion of heal wounds {unknown}
Books
 c - a book of Minor Magic

   Spells                             Type                      Level
   a - Magic Dart                     Conjuration                  1
   b - Blink                          Translocation                2
   c - Call Imp                       Summoning                    2
   d - Repel Missiles                 Charms/Air                   2
   e - Slow                           Hexes                        2
   f - Conjure Flame                  Conjuration/Fire             3
   g - Mephitic Cloud                 Conjuration/Poison/Air       3
 x - a book of Flames

   Spells                             Type                      Level
   a - Flame Tongue                   Conjuration/Fire             1
   b - Throw Flame                    Conjuration/Fire             2
   c - Conjure Flame                  Conjuration/Fire             3
   d - Inner Flame                    Hexes/Fire                   3
   e - Sticky Flame                   Conjuration/Fire             4
   f - Fireball                       Conjuration/Fire             5
 H - a book of Death

   Spells                             Type                      Level
   a - Corpse Rot                     Necromancy                   2
   b - Sublimation of Blood           Necromancy                   2
   c - Agony                          Necromancy                   5
   d - Dispel Undead                  Necromancy                   5
   e - Excruciating Wounds            Charms/Necromancy            5
   f - Bolt of Draining               Conjuration/Necromancy       5
Comestibles
 d - 3 bread rations
 r - a meat ration
 G - a royal jelly


   Skills:
 - Level 1.5 Dodging
 - Level 2.1 Stealth
 + Level 7.7 Spellcasting
 * Level 12.0 Conjurations
   Level 0.8 Summonings
   Level 0.8 Translocations


You had 12 spell levels left.
You knew the following spells:

 Your Spells              Type           Power        Failure   Level  Hunger
a - Magic Dart            Conj           ####         1%          1    None
b - Conjure Flame         Conj/Fire      #####...     1%          3    None
c - Mephitic Cloud        Conj/Pois/Air  ####....     6%          3    None
d - Sticky Flame          Conj/Fire      #####...     10%         4    ###....


Dungeon Overview and Level Annotations

Branches:
Dungeon (7/15)             Temple (0/1) D:6

Altars:
Ashenzari
Dithmenos
Elyvilon
Fedhas
Makhleb
Pakellas
Ru
Sif Muna
Trog
Uskayaw
Xom
Zin
The Shining One


Innate Abilities, Weirdness & Mutations

You are resistant to torment.
Your stone body is resilient. (AC +5)
You are immune to poison.
You resist negative energy. (rN+)
You are resistant to electric shocks. (rElec)
You can survive without breathing.
You are immune to petrification.
You are immune to rotting.


Message History

The wight throws a stone.
The stone hits you.
* * * LOW HITPOINT WARNING * * *
A wight comes into view. It is wielding a hand axe of freezing.
You see here a stone.
A wight comes into view. It is wielding an enchanted hand axe.
The wight hits you with an enchanted short sword.
* * * LOW HITPOINT WARNING * * *
The wight hits you but does no damage.
The wight throws a stone.
The stone barely misses you.
You see here a stone.
The wight misses you.
The wight throws a stone.
The stone closely misses you.
You see here a giant club.
A jelly comes into view.
The worker ant closely misses you.
The jelly quivers.
The centaur shoots an arrow.
The arrow hits you!
* * * LOW HITPOINT WARNING * * *
You see here an arrow.
The centaur shoots an arrow.
The arrow hits you!
You die...

############ .....#.....##
............## .............#
..............## .
.$......<....... .
..............###. #
........@.....#... #
........z.......# #.
....(..J.....$.#### #..
..........a.........## #..
.......#...z..c....#..## #..
#...........###..............
#.........................#..
#.........###z...............
#.........###zc..............


You could see a centaur, a jelly, a worker ant and 2 wights.

Vanquished Creatures
  The ghost of Zigma the Spear-Bearer, a novice HOGl of Beogh (D:7)
  The ghost of KuKumber the Magician, a novice HEFE (D:5)
  A spriggan (D:7)
  2 ice beasts (D:6)
  2 eyes of draining (D:5)
  4 ogres
  A phantom (D:6)
  A big kobold (D:7)
  3 giant frogs (D:6)
  2 scorpions
  A howler monkey (D:6)
  A crimson imp (D:6)
  2 centaur zombies
  5 orc priests
  5 hounds
  7 orc wizards
  2 worker ants
  2 hound skeletons
  A worker ant zombie (D:6)
  Robin (D:2)
  A howler monkey skeleton (D:4)
  7 gnolls (D:6)
  5 adders
  2 shadow imps
  3 adder zombies
  5 worms
  3 dart slugs
  2 giant geckos
  25 orcs
  A ball python (D:3)
  11 bats
  4 giant cockroaches
  23 goblins
  10 hobgoblins
  6 jackals
  16 kobolds
  5 quokkas
  6 giant newts
  A jackal skeleton (D:4)
  A quokka skeleton (D:5)
  A quokka zombie (D:5)
  4 rats
187 creatures vanquished.

Notes
Turn   | Place    | Note
--------------------------------------------------------------
     0 | D:1      | Laan the Gargoyle Wizard began the quest for the Orb.
     0 | D:1      | Reached XP level 1. HP: 10/10 MP: 4/4
   257 | D:1      | Reached XP level 2. HP: 13/15 MP: 0/6
   460 | D:1      | Reached skill level 2 in Conjurations
  1190 | D:1      | Reached XP level 3. HP: 19/19 MP: 0/7
  1409 | D:2      | Reached skill level 3 in Conjurations
  1511 | D:2      | Found a shimmering altar of Xom.
  1819 | D:2      | Reached XP level 4. HP: 24/24 MP: 3/9
  1864 | D:2      | Noticed Robin
  1889 | D:2      | HP: 1/24 [Robin/mace of holy wrath (4)]
  1894 | D:2      | Killed Robin
  2328 | D:2      | Reached skill level 4 in Conjurations
  2689 | D:2      | Reached XP level 5. HP: 28/28 MP: 0/10
  2935 | D:2      | Learned a level 3 spell: Conjure Flame
  2939 | D:2      | Learned a level 3 spell: Mephitic Cloud
  3127 | D:3      | Found a deep blue altar of Sif Muna.
  3351 | D:3      | Found a sacrificial altar of Ru.
  3361 | D:3      | Found a white marble altar of Elyvilon.
  3766 | D:3      | Reached skill level 5 in Conjurations
  3885 | D:3      | Reached XP level 6. HP: 5/32 MP: 6/12
  4267 | D:3      | Found an oddly glowing altar of Pakellas.
  4267 | D:3      | Found a glowing silver altar of Zin.
  4269 | D:3      | Found a burning altar of Makhleb.
  4681 | D:4      | Found a shadowy altar of Dithmenos.
  4916 | D:4      | Found a glowing golden altar of the Shining One.
  5164 | D:4      | Reached skill level 6 in Conjurations
  5164 | D:4      | Reached XP level 7. HP: 36/36 MP: 3/13
  5247 | D:4      | Found a shattered altar of Ashenzari.
  5766 | D:5      | Entered Level 5 of the Dungeon
  5899 | D:5      | Reached skill level 7 in Conjurations
  6000 | D:5      | Found a shadowy altar of Dithmenos.
  6135 | D:5      | Reached skill level 5 in Spellcasting
  6248 | D:5      | Noticed KuKumber's ghost (novice HEFE)
  6284 | D:6      | Found a staircase to the Ecumenical Temple.
  6416 | D:5      | Killed KuKumber's ghost
  6416 | D:5      | Reached skill level 8 in Conjurations
  6416 | D:5      | Reached XP level 8. HP: 30/41 MP: 0/16
  6747 | D:5      | Found a bloodstained altar of Trog.
  6798 | D:5      | Reached skill level 9 in Conjurations
  7672 | D:6      | Found a hide-covered altar of Uskayaw.
  7941 | D:6      | Reached skill level 10 in Conjurations
  7970 | D:6      | Reached XP level 9. HP: 25/45 MP: 12/18
  8184 | D:7      | Noticed Zigma's ghost (novice HOGl)
  8629 | D:6      | Learned a level 4 spell: Sticky Flame
  8630 | D:7      | Found a blossoming altar of Fedhas.
  9261 | D:7      | Reached skill level 11 in Conjurations
  9423 | D:7      | HP: 1/45 [Zigma's ghost (13)]
  9423 | D:7      | Killed Zigma's ghost
  9749 | D:7      | Reached skill level 12 in Conjurations
  9810 | D:7      | Shot with an arrow by a centaur

Vault maps used:
D:1:      eino_arrival_cavern_d, minmay_hedge_maze
D:2:      lemuel_crystal_altar, uniq_robin
D:3:      grunt_temple_overflow_open, lemuel_blue_sif_altar, first_bread,
          grunt_decor_mini_mirrors
D:4:      tso_metal_star, lemuel_round_altar, marbit_many_paths
D:5:      trog_eyes_of_draining, basic_altar
D:6:      nicolae_overflow_crystal_walls, minmay_temple_entry_purple_smoke
D:7:      fedhas_altar_1, lemuel_round_altar, the_bakery

Skill      XL: |  1  2  3  4  5  6  7  8  9 |
---------------+----------------------------+-----
Conjurations   | 2 3 4 5 6 8 10 12 | 12.0
Spellcasting   | 4 5 6 7 |  7.7
Dodging        | |  1.5
Stealth        | |  2.1
Summonings     | |  0.8
Translocations | |  0.8

Action                   |  1- 3 |  4- 6 |  7- 9 || total
-------------------------+-------+-------+-------++-------
Melee: Unarmed           |     9 |       |       ||     9
       Falchion          |     1 |    13 |       ||    14
       Mace              |       |    24 |    73 ||    97
 Cast: Magic Dart        |    72 |   178 |   325 ||   575
       Conjure Flame     |       |       |     2 ||     2
       Sticky Flame      |       |       |     4 ||     4
       Mephitic Cloud    |       |       |     2 ||     2
  Use: Potion            |       |     2 |       ||     2
 Stab: Sleeping          |       |     1 |       ||     1
  Eat: Chunk             |     3 |    10 |    12 ||    25
       Beef jerky        |       |       |     4 ||     4
       Fruit             |       |       |     2 ||     2
       Pizza             |       |       |     1 ||     1
Armor: Robe              |     6 |    21 |    50 ||    77
Dodge: Dodged            |    12 |    80 |   137 ||   229
